 Dungeon Crawl Stone Soup version 0.32-a0-136-gc02482bde3 (webtiles) character file.

Game seed: 675738332181653298

15837 Asceticacid the Martial Artist (level 12, 0/92 HPs)
             Began as a Gnoll Shapeshifter on Feb 10, 2024.
             Was an Elder of Makhleb.
             Slain by Rupert
             ... wielding a +5 great mace of protection
              (47 damage)
             ... on level 12 of the Dungeon.
             The game lasted 00:23:58 (10874 turns).

Asceticacid the Martial Artist (GnSh)              Turns: 10874, Time: 00:23:58

Health: 0/92       AC: 26    Str: 21    XL:     12   Next: 31%
Magic:  32/32      EV: 11    Int:  6    God:    Makhleb [****..]
Gold:   559        SH:  5    Dex: 20    Spells: 23/25 levels left

rFire   . . .        I - +8 war axe "Q" {freeze, MP+9 Str+4 Int-2 SInv}
rCold   . . .        (no shield)
rNeg    . . .        s - +13 plate armour "Osofofe" {Str+5}
rPois   .            (helmet currently unavailable)
rElec   .            (cloak currently unavailable)
rCorr   .            (gloves currently unavailable)
SInv    +            f - melded +0 pair of boots
Will    .....        F - amulet of reflection Stlth
                     (no ring)
HPRegen 0.35/turn    (no ring)
MPRegen 0.23/turn

%: reflection
@: brilliant, beast-form
A: beast (slay +4), fangs 1, strong nose, distributed training, agile 1, dopey 1
a: Begin Untransformation, Renounce Religion, Minor Destruction, Lesser Servant
of Makhleb, Major Destruction


You were on level 12 of the Dungeon.
You worshipped Makhleb.
Makhleb was greatly pleased with you.
You were a hulking beast.
You visited 2 branches of the dungeon, and saw 13 of its levels.
You also visited: Ossuary.

You collected 712 gold pieces.
You spent 153 gold pieces at shops.

Inventory:

Hand Weapons
 I - the +8 war axe "Q" (weapon) {freeze, MP+9 Str+4 Int-2 SInv}
   (You found it on level 9 of the Dungeon)

   Str+4:     It affects your strength (+4).
   Int-2:     It affects your intelligence (-2).
   MP+9:      It affects your magic capacity (+9).
   SInv:      It lets you see invisible.
Armour
 f - a +0 pair of boots (melded)
 o - a +0 pair of gloves
 s - the +13 plate armour "Osofofe" (worn) {Str+5}
   (You found it on level 4 of the Dungeon)

   Str+5:     It affects your strength (+5).
Jewellery
 F - an amulet of reflection (around neck)
 J - a ring of resist corrosion
 M - a ring of willpower
Talismans
 d - a flux talisman
 x - a blade talisman
 K - a beast talisman (active)
Wands
 c - a wand of flame (5)
 n - a wand of charming (6)
 H - a wand of polymorph (6)
Scrolls
 e - 11 scrolls of teleportation
 g - a scroll of silence {unknown}
 l - 4 scrolls of enchant weapon
 q - 2 scrolls of identify
 t - 2 scrolls of poison
 w - a scroll of enchant armour {unknown}
 y - a scroll of fear {unknown}
 z - 2 scrolls of immolation {unknown}
 A - 4 scrolls of blinking {unknown}
 B - 2 scrolls of noise {unknown}
 C - a scroll of revelation
 D - 2 scrolls of amnesia {unknown}
 E - a scroll of fog
 G - 3 scrolls of brand weapon {unknown}
Potions
 a - a potion of curing
 b - 5 potions of lignification
 h - 3 potions of magic
 i - 4 potions of attraction
 j - 2 potions of mutation
 k - 2 potions of cancellation
 m - 4 potions of haste
 p - a potion of might
 r - a potion of ambrosia
 u - 2 potions of berserk rage
 v - 3 potions of brilliance
 L - a potion of heal wounds


   Skills:
 + Level 7.9 Fighting
 + Level 7.4 Short Blades
 + Level 7.4 Long Blades
 + Level 7.4 Axes
 + Level 7.4 Maces & Flails
 + Level 7.4 Polearms
 + Level 7.4 Staves
 + Level 7.4 Ranged Weapons
 + Level 7.4 Throwing
 + Level 7.4 Armour
 + Level 8.8 Dodging
 + Level 7.4 Stealth
 + Level 7.4 Shields
 + Level 10.0 Unarmed Combat
 + Level 7.4 Spellcasting
 + Level 6.1 Conjurations
 + Level 6.1 Hexes
 + Level 6.1 Summonings
 + Level 6.1 Necromancy
 + Level 6.1 Translocations
 + Level 6.1 Fire Magic
 + Level 6.1 Ice Magic
 + Level 6.1 Air Magic
 + Level 6.1 Earth Magic
 + Level 6.1 Alchemy
 + Level 8.1 Invocations
 + Level 7.4 Evocations
 + Level 9.5 Shapeshifting


You had 23 spell levels left.
You knew the following spells:

 Your Spells              Type           Power      Damage    Failure   Level
a - Blink                 Tloc           28%        N/A       45%         2

Your spell library contained the following spells:

 Spells                   Type           Power      Damage    Failure   Level
 Freeze                   Ice            56%        1d7       34%         1
 Slow                     Hex            56%        N/A       34%         1
 Lesser Beckoning         Tloc           28%        N/A       45%         2
 Momentum Strike          Conj/Tloc      28%        3d8       45%         2
 Confusing Touch          Hex            14%        N/A       71%         3
 Frozen Ramparts          Ice            28%        1d5       71%         3
 Gell's Gravitas          Tloc           14%        N/A       71%         3
 Hailstorm                Conj/Ice       14%        3d6       71%         3
 Sigil of Binding         Hex            14%        N/A       71%         3
 Teleport Other           Tloc           14%        N/A       71%         3
 Vampiric Draining        Necr           14%        2d7       71%         3


Dungeon Overview and Level Annotations

Branches:
Dungeon (12/15)            Temple (1/1) D:4            Lair (0/5) D:10
Ossuary (visited)
    Orc: D:9-12

Altars:
Ashenzari
Cheibriados
Dithmenos
Elyvilon
Fedhas
Gozag
Hepliaklqana
Kikubaaqudgha
Makhleb
Nemelex Xobeh
Okawaru
Qazlal
Ru
Sif Muna
Trog
Uskayaw
Vehumet
Wu Jian
Xom
Yredelemnul
Zin
The Shining One

Shops:
D:4 *   D:5 *

Annotations:
D:8 2 runed translucent doors, Azoth's ghost, novice DECj
D:12 Rupert


Innate Abilities, Weirdness & Mutations

You are a hulking beast.
Your limbs bulge with bestial killing power. (Slay +4)
You have very sharp teeth.
Your uncanny sense of smell can sniff out nearby items.
Your experience applies equally to all skills.
You are agile. (Dex +4, Str/Int -1)
You are dopey. (Int -2)


Message History

A yak comes into view.
Rupert the Wild comes into view.
He is wielding a +5 great mace of protection.
Rupert shouts!
The yak bellows!
You slice the yak!! You freeze the yak!
You kill the yak!
Makhleb accepts your kill.
You feel better. The yak closely misses you.
You slash the yak! You freeze the yak.
The yak is severely wounded.
You block the yak's attack.
Okay, then.
Unknown command.
The yak attacks as it pursues you! You block the yak's attack.
A demon appears!
The yak gores you but does no damage. The yak attacks as it pursues you!
The yak gores you but does no damage.
You slice the yak!! You freeze the yak.
You kill the yak!
Makhleb accepts your kill.
You swap places.
The yak completely misses you.
Rupert roars madly and goes into a rage!
Rupert goes berserk!
You slash the yak! You freeze the yak. You bite the yak.
The yak is moderately wounded.
You hit Rupert. You freeze Rupert.
Rupert is lightly wounded.
You block Rupert's attack. Rupert barely misses you.
Your hellwing hits Rupert! Your hellwing hits Rupert. You slash Rupert!
You freeze Rupert.
Rupert is moderately wounded.
Rupert closely misses you.
Your hellwing barely misses Rupert. x2
Rupert hits you with a +5 great mace of protection!!
You slash Rupert! You freeze Rupert!
Rupert is moderately wounded.
Rupert hits you with a +5 great mace of protection!!
Your hellwing closely misses Rupert.
Your hellwing hits Rupert!
Rupert hits you with a +5 great mace of protection!!!
Ouch! That really hurt!
You die...
Rupert roars with triumph.

#..#.######## ####
........YY@4##...###
#..#.######h........
........<...#.#
#######...#^#
##.#...# #.##.## #.#
.# #.# # #.# #.#


You could see Rupert (berserk), 2 yaks and a friendly hellwing (summoned).

Vanquished Creatures
  Snorg (D:11)
  A two-headed ogre (D:11)
  A cyclops (D:11)
  A manticore (D:11)
  Maurice (D:11)
  2 kobold demonologists (D:10)
  A vampire (D:11)
  2 wyverns
  2 wraiths
  39 yaks
  Grum (D:11)
  Menkaure (D:5)
  2 water moccasins
  5 orc warriors
  An ice beast (D:6)
  2 black bears (D:6)
  5 wolves
  An ogre (D:6)
  2 bullfrogs
  7 kobold brigands
  15 killer bees
  7 howler monkeys
  2 electric eels (D:8)
  2 bullfrog zombies (Ossuary)
  8 hounds
  4 jellies
  6 orc priests
  6 mummies (Ossuary)
  Ijyb (D:3)
  3 iguanas
  9 orc wizards
  4 crocodile zombies (Ossuary)
  3 hound zombies (Ossuary)
  8 howler monkey zombies (Ossuary)
  6 adders
  A shadow imp (D:5)
  2 white imps (D:8)
  A ribbon worm zombie (D:7)
  5 ufetubi
  4 ribbon worms
  4 dart slugs
  31 orcs
  7 bats
  6 endoplasms
  2 giant cockroaches (D:1)
  10 goblins
  14 hobgoblins
  5 jackals
  2 quokkas
  7 ball pythons
  4 ball python zombies (Ossuary)
  15 frilled lizards
  30 kobolds
  A kobold zombie (D:7)
  5 rats
318 creatures vanquished.

Vanquished Creatures (collateral kills)
  A two-headed ogre (D:10)
  A gargoyle (D:11)
  A troll (D:10)
  An unseen horror simulacrum (D:8)
  2 yaks (D:11)
  2 wolves
  A centaur (D:11)
  2 electric eels (D:10)
  A hound (D:10)
  An orc wizard (D:8)
  An orc (D:8)
14 creatures vanquished.

Vanquished Creatures (others)
  A shadow (D:8)
  An orc priest (D:8)
2 creatures vanquished.

Grand Total: 334 creatures vanquished

Notes
Turn   | Place    | Note
-------+----------+-------------------------------------------
     0 | D:1      | Asceticacid the Gnoll Shapeshifter began the quest for the
                  | Orb.
     0 | D:1      | Reached XP level 1. HP: 17/17 MP: 1/1
   210 | D:1      | Reached XP level 2. HP: 11/23 MP: 2/2
   283 | D:1      | HP: 1/21 [hobgoblin (4)]
   675 | D:1      | Reached XP level 3. HP: 26/28 MP: 3/3
  1287 | D:2      | Reached skill level 1 in Invocations
  1526 | D:2      | Reached skill level 1 in Short Blades
  1526 | D:2      | Reached skill level 1 in Long Blades
  1526 | D:2      | Reached skill level 1 in Axes
  1526 | D:2      | Reached skill level 1 in Maces & Flails
  1526 | D:2      | Reached skill level 1 in Polearms
  1526 | D:2      | Reached skill level 1 in Staves
  1526 | D:2      | Reached skill level 1 in Ranged Weapons
  1526 | D:2      | Reached skill level 1 in Throwing
  1526 | D:2      | Reached skill level 1 in Armour
  1526 | D:2      | Reached skill level 1 in Stealth
  1526 | D:2      | Reached skill level 1 in Shields
  1526 | D:2      | Reached skill level 1 in Spellcasting
  1526 | D:2      | Reached skill level 1 in Evocations
  2130 | D:3      | Reached XP level 4. HP: 28/34 MP: 5/5
  2154 | D:3      | Noticed Ijyb
  2177 | D:3      | Killed Ijyb
  2178 | D:3      | Reached skill level 1 in Conjurations
  2178 | D:3      | Reached skill level 1 in Hexes
  2178 | D:3      | Reached skill level 1 in Summonings
  2178 | D:3      | Reached skill level 1 in Necromancy
  2178 | D:3      | Reached skill level 1 in Translocations
  2178 | D:3      | Reached skill level 1 in Fire Magic
  2178 | D:3      | Reached skill level 1 in Ice Magic
  2178 | D:3      | Reached skill level 1 in Air Magic
  2178 | D:3      | Reached skill level 1 in Earth Magic
  2178 | D:3      | Reached skill level 1 in Alchemy
  2689 | D:3      | Reached XP level 5. HP: 32/40 MP: 7/7
  2702 | D:3      | Learned a level 2 spell: Blink
  2744 | D:3      | Found a glowing silver altar of Zin.
  2744 | D:3      | Noticed an angel
  3186 | D:4      | Found a staircase to the Ecumenical Temple.
  3204 | Temple   | Entered the Ecumenical Temple
  3424 | Temple   | Became a worshipper of Makhleb the Destroyer
  3454 | D:4      | Identified the +13 plate armour "Osofofe" {Str+5}
  3528 | D:4      | Reached XP level 6. HP: 47/47 MP: 8/8
  3601 | D:4      | Reached skill level 5 in Dodging
  4087 | D:4      | Found Laeq's Assorted Antiques.
  4102 | D:4      | Bought a viscous black potion for 23 gold pieces
  4102 | D:4      | Bought a scroll labelled DUIVVI CUBUCETH for 26 gold pieces
  4102 | D:4      | Bought a scroll labelled RUWUVU HIROI for 26 gold pieces
  4102 | D:4      | Bought a scroll labelled AHORACIAPT for 26 gold pieces
  4386 | D:5      | Entered Level 5 of the Dungeon
  4439 | D:5      | Noticed Menkaure
  4451 | D:5      | Killed Menkaure
  4452 | D:5      | Reached skill level 7 in Unarmed Combat
  4452 | D:5      | Reached XP level 7. HP: 43/52 MP: 10/10
  4707 | D:5      | Identified the +0 robe of Somewhere Else {rElec rCorr
                  | Stlth-}
  4768 | D:5      | Found a shadowy altar of Dithmenos.
  4835 | D:5      | Found Qihoyhao's Serpentskin Sales.
  4849 | D:5      | Bought a scroll of poison for 52 gold pieces
  5014 | D:6      | Reached * piety under Makhleb
  5260 | D:6      | Reached XP level 8. HP: 58/60 MP: 12/12
  5782 | D:6      | Found a shimmering blue altar of Sif Muna.
  5865 | D:7      | Found a basalt altar of Yredelemnul.
  5868 | D:7      | Found a stormy altar of Qazlal.
  6173 | D:7      | Found a sand-covered staircase.
  6179 | Ossuary  | Entered an ossuary
  6257 | Ossuary  | Reached XP level 9. HP: 66/66 MP: 14/14
  6387 | Ossuary  | Reached ** piety under Makhleb
  6689 | D:7      | Reached skill level 5 in Fighting
  6806 | D:8      | You fall into a shaft and drop 1 floor!
  6822 | D:9      | Found an opulent altar of Gozag.
  6920 | D:9      | Reached skill level 8 in Unarmed Combat
  7086 | D:9      | Reached skill level 5 in Invocations
  7285 | D:9      | Reached skill level 5 in Short Blades
  7285 | D:9      | Reached skill level 5 in Long Blades
  7285 | D:9      | Reached skill level 5 in Axes
  7285 | D:9      | Reached skill level 5 in Maces & Flails
  7285 | D:9      | Reached skill level 5 in Polearms
  7285 | D:9      | Reached skill level 5 in Staves
  7285 | D:9      | Reached skill level 5 in Ranged Weapons
  7285 | D:9      | Reached skill level 5 in Throwing
  7285 | D:9      | Reached skill level 5 in Armour
  7285 | D:9      | Reached skill level 5 in Stealth
  7285 | D:9      | Reached skill level 5 in Shields
  7285 | D:9      | Reached skill level 5 in Spellcasting
  7285 | D:9      | Reached skill level 5 in Evocations
  7285 | D:9      | Reached XP level 10. HP: 76/76 MP: 17/17
  7294 | D:9      | Reached *** piety under Makhleb
  7309 | D:9      | Identified the +8 war axe "Q" {freeze, MP+9 Str+4 Int-2
                  | SInv}
  7854 | D:8      | Found an ancient bone altar of Kikubaaqudgha.
  8369 | D:8      | Reached **** piety under Makhleb
  9106 | D:8      | Found a large runed translucent door.
  9106 | D:8      | Found a large runed translucent door.
  9108 | D:8      | Noticed Azoth's ghost (novice DECj)
  9320 | D:10     | Entered Level 10 of the Dungeon
  9346 | D:10     | Reached skill level 9 in Unarmed Combat
  9353 | D:10     | Reached skill level 5 in Conjurations
  9353 | D:10     | Reached skill level 5 in Hexes
  9353 | D:10     | Reached skill level 5 in Summonings
  9353 | D:10     | Reached skill level 5 in Necromancy
  9353 | D:10     | Reached skill level 5 in Translocations
  9353 | D:10     | Reached skill level 5 in Fire Magic
  9353 | D:10     | Reached skill level 5 in Ice Magic
  9353 | D:10     | Reached skill level 5 in Air Magic
  9353 | D:10     | Reached skill level 5 in Earth Magic
  9353 | D:10     | Reached skill level 5 in Alchemy
  9355 | D:10     | Reached XP level 11. HP: 78/83 MP: 20/20
  9375 | D:10     | Noticed a two-headed ogre
  9383 | D:10     | Killed a two-headed ogre
  9669 | D:10     | Noticed a sun demon
  9830 | D:10     | Found the +8 longbow "Zephyr" {speed, Dex+3 SInv}
  9928 | D:10     | Found a staircase to the Lair.
 10063 | D:11     | Noticed Maurice
 10065 | D:11     | Maurice stole a beast talisman
 10066 | D:11     | Noticed a manticore
 10070 | D:11     | Killed Maurice
 10085 | D:11     | Killed a manticore
 10302 | D:11     | Noticed a two-headed ogre
 10313 | D:11     | Killed a two-headed ogre
 10463 | D:11     | Noticed a cyclops
 10470 | D:11     | Noticed Snorg
 10471 | D:11     | Killed a cyclops
 10479 | D:11     | Killed Snorg
 10480 | D:11     | Reached XP level 12. HP: 86/92 MP: 22/22
 10595 | D:11     | Noticed Grum
 10607 | D:11     | Killed Grum
 10608 | D:11     | Reached skill level 10 in Unarmed Combat
 10831 | D:11     | Gained mutation: You are dopey. (Int -2) [potion of
                  | mutation]
 10831 | D:11     | Gained mutation: You are agile. (Dex +4, Str/Int -1)
                  | [potion of mutation]
 10858 | D:12     | Noticed Rupert
 10874 | D:12     | Slain by Rupert

Illustrated notes

Levels and vault maps discovered:
D:1:      wander_arrival_lonely_grave, layout_basic
D:2:      layout_loops_corners
D:3:      layout_basic, zin_angel, glass_columns_c, minmay_lizard_king,
          uniq_ijyb
D:4:      layout_basic, minmay_temple_entry_stoned_glass, serial_shops,
          nicolae_shop_hallway_plus
D:5:      layout_cave_pools, mainiacjoe_overflow_alcove_4,
          hangedman_abyss_or_decor_stabs, guppyfry_shop_venom, uniq_menkaure
D:6:      layout_rooms, led_sif_book, minmay_diced_spiral
D:7:      layout_rooms, grunt_temple_overflow_open, enter_ossuary_3,
          chequers_mini_garden
D:8:      layout_cave_pools, kiku_gazebo_pond_becter,
          ebering_ghost_disaster_area, serial_ice, serial_ice_m, serial_ice_l,
          serial_ice_g, serial_ice_h
D:9:      layout_roguey, mainiacjoe_overflow_surrounded_room, grunt_ministairs_7
D:10:     layout_small_grid, erik_lair_island, minivault_23
D:11:     layout_rooms, uniq_maurice, uniq_snorg, uniq_grum
D:12:     layout_loops_ring, hiddenorc1_lemuel, gammafunk_ghost_mausoleum,
          nrook_mini_backslash, uniq_rupert
Temple:   minmay_freezing_vapour_temple

Skill      XL: |  1  2  3  4  5  6  7  8  9 10 11 12 |
---------------+-------------------------------------+-----
Invocations    | 1 2 3 4 5 6 7 8 |  8.1
Short Blades   | 1 2 3 5 6 7 |  7.4
Long Blades    | 1 2 3 5 6 7 |  7.4
Axes           | 1 2 3 5 6 7 |  7.4
Maces & Flails | 1 2 3 5 6 7 |  7.4
Polearms       | 1 2 3 5 6 7 |  7.4
Staves         | 1 2 3 5 6 7 |  7.4
Ranged Weapons | 1 2 3 5 6 7 |  7.4
Throwing       | 1 2 3 5 6 7 |  7.4
Armour         | 1 2 3 5 6 7 |  7.4
Stealth        | 1 2 3 5 6 7 |  7.4
Shields        | 1 2 3 5 6 7 |  7.4
Spellcasting   | 1 2 3 5 6 7 |  7.4
Evocations     | 1 2 3 5 6 7 |  7.4
Conjurations   | 1 2 3 4 5 6 |  6.1
Hexes          | 1 2 3 4 5 6 |  6.1
Summonings     | 1 2 3 4 5 6 |  6.1
Necromancy     | 1 2 3 4 5 6 |  6.1
Translocations | 1 2 3 4 5 6 |  6.1
Fire Magic     | 1 2 3 4 5 6 |  6.1
Ice Magic      | 1 2 3 4 5 6 |  6.1
Air Magic      | 1 2 3 4 5 6 |  6.1
Earth Magic    | 1 2 3 4 5 6 |  6.1
Alchemy        | 1 2 3 4 5 6 |  6.1
Fighting       | 3 4 5 6 7 |  7.9
Dodging        | 5 6 7 8 |  8.8
Unarmed Combat | 7 8 9 10 | 10.0
Shapeshifting  | 7 8 9 |  9.5

Action                     |  1- 3 |  4- 6 |  7- 9 | 10-12 || total
---------------------------+-------+-------+-------+-------++-------
  Melee: Unarmed           |   115 |   154 |   349 |    13 ||   631
         Bite              |     7 |    18 |    39 |    35 ||    99
         Punch             |       |     6 |    17 |    17 ||    40
         War axe           |       |       |       |   246 ||   246
   Cast: Blink             |       |     1 |       |       ||     1
 Invoke: Lesser Servant of |       |       |       |     8 ||     8
Ability: Begin Untransform |       |     1 |       |       ||     1
  Evoke: Wand              |       |       |       |     4 ||     4
    Use: Potion            |     2 |     1 |       |     5 ||     8
         Scroll            |       |    10 |     7 |     1 ||    18
   Stab: Sleeping          |     2 |     1 |       |       ||     3
         Distracted        |       |       |       |     2 ||     2
 Armour: Skin              |    40 |    27 |       |       ||    67
         Animal skin       |     2 |       |       |       ||     2
         Plate armour      |       |    43 |   260 |   345 ||   648
  Dodge: Dodged            |   106 |    91 |    91 |   182 ||   470
  Block: Other             |       |       |    13 |    90 ||   103
         Reflection        |       |       |       |     4 ||     4
   Form: Flux              |     1 |       |       |       ||     1
         Beast             |       |     1 |       |       ||     1

Table legend: (Time is in decaauts)
 A = Elapsed time spent in this place.
 B = Non-inter-level travel time spent in this place.
 C = Inter-level travel time spent in this place.
 D = Time resting spent in this place.
 E = Time spent auto-exploring this place.
 F = Levels seen in this place.
 G = Mean time per level.
                   A        B        C        D        E       F      G
               +--------+--------+--------+--------+--------+-----+--------+
         Total |  10885 |  10496 |    389 |   1749 |   5961 |  14 |  777.5 |
       Dungeon |  10230 |   9851 |    379 |   1737 |   5764 |  12 |  852.5 |
        Temple |    225 |    215 |     10 |      0 |      0 |   1 |  225.0 |
       Ossuary |    429 |    429 |      0 |     12 |    196 |   1 |  429.0 |
               +--------+--------+--------+--------+--------+-----+--------+

Top non-repeatable levels by time:
     D:8: 1342 daAuts
     D:1: 1148 daAuts
     D:3: 1039 daAuts
     D:9: 1024 daAuts
     D:4: 975 daAuts
     D:2: 963 daAuts
     D:5: 858 daAuts
    D:11: 803 daAuts
    D:10: 748 daAuts
     D:7: 695 daAuts
     D:6: 607 daAuts
 Ossuary: 429 daAuts
  Temple: 225 daAuts
    D:12: 23 daAuts
